 Dungeon Crawl Stone Soup version 0.16-b1 (console) character file.

51 mauris the Skirmisher (level 3, -1/31 HPs)
             Began as a Hill Orc Arcane Marksman on Mar 14, 2015.
             Slain by a hobgoblin
             ... wielding a cursed -3 club
              (6 damage)
             ... on level 1 of the Dungeon.
             The game lasted 00:02:57 (2362 turns).

mauris the Skirmisher (Hill Orc Arcane Marksman)    Turns: 2362, Time: 00:02:57

Health: -1/31      AC:  2    Str: 14    XL:     3   Next: 83%
Magic:  4/4        EV: 12    Int: 13    God:
Gold:   23         SH:  0    Dex: 10    Spells: 1 memorised, 3 levels left

rFire  . . .     SeeInvis .     l - +0 dagger (speed)
rCold  . . .     Clarity  .     a - +0 robe {2}
rNeg   . . .     SustAb   .     (no shield)
rPois  .         Gourm    .     (no helmet)
rElec  .         Spirit   .     (no cloak)
rCorr  .         Warding  .     (no gloves)
rMut   .         Stasis   .     (no boots)
MR     .....                    (no amulet)
Stlth  +.........               (no ring)
                                (no ring)

@: not resistant to hostile enchantments, very unstealthy
A: no striking features
a: no special abilities


You were on level 1 of the Dungeon.
You were hungry.

You visited 1 branch of the dungeon, and saw 2 of its levels.

You collected 23 gold pieces.

Inventory:

Hand weapons
 k - a +0 dagger
 l - a +0 dagger of speed (weapon)
Missiles
 b - 5 javelins (quivered)
 c - 2 throwing nets
Armour
 a - a +0 robe (worn) {2}
Jewellery
 h - an uncursed ring of see invisible {unknown}
Scrolls
 e - 2 scrolls of immolation {unknown}
 g - a scroll of identify {unknown}
 i - a scroll of blinking {unknown}
 o - a scroll of amnesia {unknown}
 q - 3 scrolls of teleportation {@r4}
 t - a scroll of noise {unknown}
Potions
 m - a potion of cancellation {unknown}
 n - a potion of mutation {unknown}
 r - a potion of brilliance {unknown}
 u - a potion of experience {unknown}
Books
 d - a book of Debilitation

   Spells                             Type                      Level
   a - Corona                         Hexes                        1
   b - Slow                           Hexes                        2
   c - Inner Flame                    Hexes/Fire                   3
   d - Enslavement                    Hexes                        4
   e - Cause Fear                     Hexes                        4
   f - Leda's Liquefaction            Hexes/Earth                  4
Comestibles
 f - a meat ration
 j - a chunk of flesh
 p - a slice of pizza
 s - a bread ration


   Skills:
 + Level 3.2 Fighting
 - Level 2.0 Throwing
 + Level 2.2 Armour
 - Level 1.5 Dodging
 - Level 1.0 Spellcasting
 - Level 3.0 Hexes


You had 3 spell levels left.
You knew the following spells:

 Your Spells              Type           Power        Failure   Level  Hunger
a - Corona                Hex            #......      10%         1    ##.....


Dungeon Overview and Level Annotations

Branches:
Dungeon (2/15)

Altars:
Dithmenos
Ru


Message History

The hobgoblin is heavily wounded.
The hobgoblin closely misses you.
Unknown command.
You hit the hobgoblin but do no damage.
The hobgoblin is heavily wounded.
You closely miss the hobgoblin.
The hobgoblin is heavily wounded.
The hobgoblin barely misses you.
You hit the hobgoblin but do no damage.
The hobgoblin is heavily wounded.
You barely miss the hobgoblin.
The hobgoblin is heavily wounded.
The hobgoblin hits you but does no damage.
Unknown command.
You closely miss the hobgoblin.
The hobgoblin is heavily wounded.
You closely miss the hobgoblin.
The hobgoblin is heavily wounded.
The hobgoblin hits you with a club.
You die...

.#...#...# #.# #..)......
.+.......# #.# #.>.......
.#...##..## #.# #####.####.<..
.#........###.# ####.............
...........##.###................
.#####.....)........#####........
.#####.....##.......# #........
....####...##....g..# #........
.#### #...##...@...# #........
.#######...#####'#### ##.......
.##............#.# #..##...
.##.####.........# #..##.## .##.#
##........# #..##.# .##.#
#..###.### #####..##.#
.##.#####......# #......##.#
..........####.# #.####.##.#
.##.#####.# #.# #.# #.##.#


You could see a hobgoblin.

Vanquished Creatures
  A worm (D:2)
  A giant gecko (D:1)
  2 ball pythons
  7 bats
  9 goblins
  4 hobgoblins (D:1)
  2 jackals (D:1)
  3 kobolds
  A quokka (D:2)
  4 giant cockroaches
  4 giant newts (D:1)
  3 rats
41 creatures vanquished.

Notes
Turn   | Place    | Note
--------------------------------------------------------------
     0 | D:1      | mauris, the Hill Orc Arcane Marksman, began the quest for the Orb.
     0 | D:1      | Reached XP level 1. HP: 16/16 MP: 2/2
    92 | D:1      | Huge Dmg: 5 dmg
    94 | D:1      | Huge Dmg: 5 dmg
    96 | D:1      | Huge Dmg: 3 dmg
   268 | D:1      | Huge Dmg: 3 dmg
   269 | D:1      | Reached skill level 1 in Armour
   269 | D:1      | Reached XP level 2. HP: 8/24 MP: 3/3
   300 | D:1      | Huge Dmg: 1 dmg
   306 | D:1      | Huge Dmg: 1 dmg
   312 | D:1      | Huge Dmg: 1 dmg
  1142 | D:1      | Reached XP level 3. HP: 30/30 MP: 4/4
  1409 | D:1      | Huge Dmg: 8 dmg
  1510 | D:1      | Huge Dmg: 3 dmg
  2007 | D:2      | Found a sacrificial altar of Ru.
  2205 | D:2      | Found a shadowy altar of Dithmenos.
  2234 | D:2      | Huge Dmg: 4 dmg
  2239 | D:2      | Huge Dmg: 3 dmg
  2241 | D:2      | Huge Dmg: 3 dmg
  2276 | D:2      | Huge Dmg: 3 dmg
  2354 | D:1      | Huge Dmg: 4 dmg
  2362 | D:1      | Slain by a hobgoblin

Action                   || total
-------------------------++-------
Melee: Unarmed           ||    35
       Dagger            ||   234
Throw: Javelin           ||    15
       Throwing net      ||     3
 Cast: Corona            ||     1
  Use: Scroll            ||     1
 Stab: Held in net/web   ||     2
       Distracted        ||     1
  Eat: Chunk             ||     4

Vault maps used:
D:1:      dpeg_arrival_tiny_a
D:2:      lemuel_round_altar, first_bread, nicolae_ru_sacrificial_ziggurat,
          uniq_crazy_yiuf_cottage
